 Dungeon Crawl Stone Soup version 0.32-a0-685-g93135e86f0 (webtiles) character file.

Game seed: 9751044869755301940

2090 BubbleThief the Fighter (level 9, -11/76 HPs)
             Began as a Demonspawn Necromancer on Mar 13, 2024.
             Was a Follower of Kikubaaqudgha.
             Killed from afar by a steam dragon (22 damage)
             ... with a ball of steam
             ... on level 7 of the Dungeon.
             The game lasted 00:17:04 (5987 turns).

BubbleThief the Fighter (Demonspawn Necromancer)    Turns: 5987, Time: 00:17:05

Health: -11/76     AC: 10    Str: 10    XL:     9   Next: 6%
Magic:  0/15       EV: 11    Int: 16    God:    Kikubaaqudgha [*.....]
Gold:   454        SH:  0    Dex: 20    Spells: 4/17 levels left

rFire   . . .        e - +0 spear
rCold   . . .        (no shield)
rNeg    . . .        p - +0 acid dragon scales
rPois   .            q - +0 helmet
rElec   .            w - +2 cloak
rCorr   +            (no gloves)
SInv    .            (no boots)
Will    +....        (no amulet)
Stlth   ++++         n - ring of flight
HPRegen 0.32/turn    y - ring of willpower
MPRegen 0.28/turn

%: guardian spirit
@: animating dead, flying, studying Throwing
A: thin skeletal structure 2, demonic guardian 1, magic shield, magic
regeneration
a: Renounce Religion, Unearth Wretches


You were on level 7 of the Dungeon.
You worshipped Kikubaaqudgha.
Kikubaaqudgha was aware of your devotion.
You visited 2 branches of the dungeon, and saw 8 of its levels.

You collected 454 gold pieces.

Inventory:

Hand Weapons
 e - a +0 spear (weapon)
Missiles
 B - a throwing net
Armour
 p - +0 acid dragon scales (worn)
 q - a +0 helmet (worn)
 w - a +2 cloak (worn)
Jewellery
 i - a ring of fire
 n - a ring of flight (left hand)
 y - a ring of willpower (right hand)
Wands
 u - a wand of charming (2)
Scrolls
 a - a scroll of immolation {unknown}
 c - 9 scrolls of identify {unknown}
 d - a scroll of fear {unknown}
 g - a scroll of amnesia {unknown}
 h - a scroll of silence {unknown}
 j - a scroll of vulnerability {unknown}
 k - 2 scrolls of teleportation {unknown}
 l - 2 scrolls of poison {unknown}
 o - 2 scrolls of enchant armour {unknown}
 s - a scroll of revelation {unknown}
 C - a scroll of butterflies {unknown}
Potions
 b - a potion of magic
 f - 6 potions of curing
 m - a potion of brilliance {unknown}
 r - a potion of attraction {unknown}
 t - a potion of cancellation {unknown}
 v - a potion of heal wounds {unknown}
 x - a potion of ambrosia {unknown}
 z - a potion of berserk rage {unknown}
 A - a potion of mutation {unknown}


   Skills:
 + Level 9.2 Fighting
 - Level 1.7 Dodging
 - Level 1.7 Stealth
 + Level 4.6 Spellcasting
 + Level 7.8 Necromancy


You had 4 spell levels left.
You knew the following spells:

 Your Spells              Type           Power      Damage    Failure   Level
a - Necrotise             Necr           100%       1d9       1%          1
b - Vampiric Draining     Necr           28%        2d8       3%          3
c - Animate Dead          Necr           28%        N/A       10%         4
d - Curse of Agony        Necr           28%        N/A       28%         5

Your spell library contained the following spells:

 Spells                   Type           Power      Damage    Failure   Level
 Kiss of Death            Conj/Necr      64%        2d10      5%          1
 Cigotuvi's Dreadful Rot  Necr/Alch/Air  24%        N/A       13%         2
 Ensorcelled Hibernation  Hex/Ice        6%         N/A       36%         2
 Static Discharge         Conj/Air       6%         3-4/arc   36%         2
 Call Canine Familiar     Summ           3%         N/A       61%         3
 Passwall                 Erth           3%         N/A       61%         3
 Sigil of Binding         Hex            3%         N/A       61%         3
 Swiftness                Air            3%         N/A       61%         3
 Airstrike                Air            1%         2d(1-17)  95%         4
 Dimensional Bullseye     Hex/Tloc       1%         N/A       95%         4
 Summon Lightning Spire   Summ/Air       3%         N/A       95%         4
 Vhi's Electric Charge    Tloc/Air       6%         N/A       95%         4
 Arcjolt                  Conj/Air       1%         1d11      100%        5
 Maxwell's Capacitive Co  Air            1%         ∞         100%        8


Dungeon Overview and Level Annotations

Branches:
Dungeon (7/15)             Temple (1/1) D:5

Altars:
Ashenzari
Cheibriados
Dithmenos
Fedhas
Hepliaklqana
Kikubaaqudgha
Makhleb
Nemelex Xobeh
Okawaru
Qazlal
Sif Muna
Trog
Uskayaw
Vehumet
Xom
Yredelemnul

Shops:
D:5 [

Annotations:
D:3 3 runed translucent doors, hikkokomori's ghost, amateur CoBe


Innate Abilities, Weirdness & Mutations

You have a moderately thin skeletal structure. (Dex +4, Stealth++)
A weak demonic guardian rushes to your aid.
When hurt, damage is shared between your health and your magic reserves.
You regenerate magic rapidly.


Message History

Your iron imp dies!
Your iron imp disappears in a puff of smoke!
The orc warrior hits your orc wizard zombie with a +0 war axe!
Your orc wizard zombie is destroyed!
The steam dragon barely misses you. The steam dragon misses you.
The orc warrior hits you with a +0 war axe!
Unknown command.
Unknown command.
You closely miss the steam dragon.
The steam dragon is severely wounded.
The steam dragon misses you. The steam dragon barely misses you.
Unknown command.
Aiming: Necrotise (safe; 1% risk of failure)
Press: ? - help, Q - select action, (/) - cycle Shift-Dir - straight line, f/p - steam dragon
Aim: a steam dragon (steam, severely wounded, chance to affect: 83%)
The steam dragon writhes in agony.
The orc warrior completely misses you. The steam dragon breathes steam at you.
The ball of steam hits you!
You don't have enough magic to cast this spell.
You don't have enough magic to cast this spell.
Unknown command.
The orc is engulfed in a cloud of scalding steam.
The orc dies!
The dead are walking!
The orc warrior hits you with a +0 war axe.
The orc warrior hits your orc zombie with a +0 war axe.
The steam dragon attacks as it pursues you!
The steam dragon bites you!
* * * LOW HITPOINT WARNING * * *
The steam dragon claws you but does no damage.
The orc warrior hits you with a +0 war axe!
* * * LOW HITPOINT WARNING * * *
A demonic guardian appears!
The orc warrior hits your orc zombie with a +0 war axe!
Your orc zombie is destroyed!
The steam dragon breathes steam at you. The ball of steam hits you!!
You die...
Kikubaaqudgha rasps: You have failed me!
Welcome... death!

...... #..... ## #.....
#. #..... #. #..... #.
#.....##### #.
#.....#.D.# ##
#....))$o§# #.....#.§@#
#.....#...##### .#
.......#...5...# ...#
.#.....#.......# ...#
.......#..###.## ..#
##...D.#..###.###..##+##
.#....#...[...........#
#...............#
#...............#


You could see a steam dragon (catching breath), an orc warrior (ally target) and
a friendly quasit (summoned).

Vanquished Creatures
  An ice beast (D:5)
  A black bear (D:6)
  2 sky beasts
  A centaur (D:5)
  2 ogres
  A bullfrog (D:6)
  2 scorpions (D:6)
  4 killer bees (D:7)
  A howler monkey (D:7)
  2 bombardier beetles
  4 jellies
  5 hounds
  Crazy Yiuf (D:5)
  An orc priest (D:3)
  A gnoll bouda (D:6)
  6 iguanas
  3 orc wizards
  Ijyb (D:5)
  6 gnolls
  4 adders
  A shadow imp (D:5)
  2 white imps (D:6)
  A ribbon worm (D:2)
  3 dart slugs
  17 orcs
  8 endoplasms
  9 hobgoblins
  2 jackals (D:1)
  3 quokkas
  11 ball pythons
  5 bats
  4 frilled lizards
  7 goblins
  7 kobolds
  2 rats
131 creatures vanquished.

Vanquished Creatures (collateral kills)
  Menkaure (D:6)
  A gnoll (D:6)
  2 adders
  A white imp (D:5)
  A dart slug (D:2)
  2 ball pythons
  A bat (D:2)
  An endoplasm (D:2)
  A goblin (D:2)
  A jackal (D:1)
  3 rats (D:2)
15 creatures vanquished.

Vanquished Creatures (others)
  3 orc zombies (D:7)
  An orc (D:7)
4 creatures vanquished.

Grand Total: 150 creatures vanquished

Notes
Turn   | Place    | Note
-------+----------+-------------------------------------------
     0 | D:1      | BubbleThief the Demonspawn Necromancer began the quest for
                  | the Orb.
     0 | D:1      | Reached XP level 1. HP: 13/13 MP: 3/3
   161 | D:1      | Gained mutation: You regenerate magic rapidly. [demonic
                  | ancestry]
   161 | D:1      | Reached XP level 2. HP: 19/19 MP: 3/5
   188 | D:1      | Found a faded altar of an unknown god.
   615 | D:1      | Reached skill level 5 in Necromancy
   862 | D:2      | Gained mutation: When hurt, damage is shared between your
                  | health and your magic reserves. [demonic ancestry]
   862 | D:2      | Reached XP level 3. HP: 7/24 MP: 0/6
  1517 | D:2      | Reached XP level 4. HP: 30/30 MP: 5/8
  1622 | D:3      | Learned a level 3 spell: Vampiric Draining
  1627 | D:3      | Learned a level 4 spell: Animate Dead
  1809 | D:3      | Gained mutation: A weak demonic guardian rushes to your
                  | aid. [demonic ancestry]
  1809 | D:3      | Reached XP level 5. HP: 35/35 MP: 5/9
  1859 | D:3      | Found a shadowy altar of Dithmenos.
  1962 | D:3      | Found a runed translucent gate.
  1962 | D:3      | Found a runed translucent gate.
  1962 | D:3      | Found a runed translucent gate.
  1963 | D:3      | Noticed hikkokomori's ghost (amateur CoBe)
  2493 | D:4      | Found a hide-covered altar of Uskayaw.
  2680 | D:4      | Noticed an ogre
  2686 | D:4      | Killed an ogre
  2687 | D:4      | Gained mutation: You have a somewhat thin skeletal
                  | structure. (Dex +2, Stealth+) [demonic ancestry]
  2687 | D:4      | Reached XP level 6. HP: 41/41 MP: 6/11
  2898 | D:5      | Entered Level 5 of the Dungeon
  2902 | D:5      | Noticed Ijyb
  2917 | D:5      | Killed Ijyb
  2918 | D:5      | Reached skill level 1 in Fighting
  2973 | D:5      | Reached skill level 2 in Fighting
  2984 | D:5      | Reached skill level 3 in Fighting
  3074 | D:5      | Found a staircase to the Ecumenical Temple.
  3091 | Temple   | Entered the Ecumenical Temple
  3255 | D:5      | Found a broken altar of Ashenzari.
  3255 | D:5      | Noticed an ice beast
  3269 | D:5      | Killed an ice beast
  3270 | D:5      | Reached skill level 4 in Fighting
  3270 | D:5      | Reached XP level 7. HP: 54/54 MP: 4/12
  3561 | D:5      | Found Ochoguxt's Armour Boutique.
  3587 | D:5      | Found a basalt altar of Yredelemnul.
  3680 | D:5      | Reached skill level 5 in Fighting
  3732 | D:5      | Found a runed translucent door.
  3733 | D:5      | Noticed Crazy Yiuf
  4136 | D:5      | Killed Crazy Yiuf
  4343 | D:6      | Found a stormy altar of Qazlal.
  4346 | D:6      | Found a radiant altar of Vehumet.
  4346 | D:6      | Found an iron altar of Okawaru.
  4368 | D:6      | Reached skill level 6 in Fighting
  4501 | D:6      | Gained mutation: You have a moderately thin skeletal
                  | structure. (Dex +4, Stealth++) [demonic ancestry]
  4501 | D:6      | Reached XP level 8. HP: 65/65 MP: 10/13
  4574 | D:6      | Noticed Menkaure
  4582 | D:6      | Killed Menkaure
  4583 | D:6      | Reached skill level 7 in Fighting
  4647 | D:6      | Found a bloodstained altar of Trog.
  4648 | D:6      | Found a snail-covered altar of Cheibriados.
  4772 | D:6      | Found an ancient bone altar of Kikubaaqudgha.
  4894 | D:6      | Became a worshipper of Kikubaaqudgha
  4935 | D:6      | Reached skill level 8 in Fighting
  4941 | D:6      | Learned a level 5 spell: Curse of Agony
  5506 | D:7      | Reached skill level 9 in Fighting
  5724 | D:7      | Reached * piety under Kikubaaqudgha
  5724 | D:7      | Received a gift from Kikubaaqudgha
  5725 | D:7      | Reached XP level 9. HP: 40/76 MP: 4/15
  5987 | D:7      | Killed from afar by a steam dragon

Illustrated notes

Levels and vault maps discovered:
D:1:      mainiacjoe_arrival_oval_in_oval, layout_basic,
          shapermc_ecumenical_altar_venn
D:2:      minmay_angry_zag, layout_basic
D:3:      layout_basic, mainiacjoe_overflow_chevrons,
          gammafunk_ghost_nasty_kobolds
D:4:      layout_basic, mainiacjoe_overflow_surrounded_room, nrook_mini_vaults
D:5:      layout_loops_ring, marbit_many_paths, old_standard_altar,
          minmay_temple_entry_stoned_glass, serial_shops, shop, uniq_ijyb,
          uniq_crazy_yiuf_cottage
D:6:      layout_loops_ring, nicolae_overflow_quartered_altars,
          nicolae_overflow_two_pavilions, minmay_manual_moon, uniq_menkaure
D:7:      layout_gridville, fountainhead, minmay_misc_feat_hallway
Temple:   nicolae_temple_bog_church

Skill      XL: |  1  2  3  4  5  6  7  8 |
---------------+-------------------------+-----
Necromancy     | 5 6 7 |  7.8
Spellcasting   | 3 4 |  4.6
Fighting       | 4 6 9 |  9.2
Dodging        | |  1.7
Stealth        | |  1.7

Action                     |  1- 3 |  4- 6 |  7- 9 || total
---------------------------+-------+-------+-------++-------
  Melee: Unarmed           |     4 |       |       ||     4
         Spear             |     7 |    23 |    87 ||   117
   Cast: Necrotise         |    76 |   118 |   179 ||   373
         Vampiric Draining |       |       |     4 ||     4
         Animate Dead      |       |       |     1 ||     1
    Use: Potion            |     1 |       |       ||     1
   Stab: Distracted        |       |       |     1 ||     1
 Armour: Robe              |    16 |     2 |       ||    18
         Acid dragon scale |       |    28 |   124 ||   152
  Dodge: Dodged            |    18 |    38 |   106 ||   162

Table legend: (Time is in decaauts)
 A = Elapsed time spent in this place.
 B = Non-inter-level travel time spent in this place.
 C = Inter-level travel time spent in this place.
 D = Time resting spent in this place.
 E = Time spent auto-exploring this place.
 F = Levels seen in this place.
 G = Mean time per level.
                   A        B        C        D        E       F      G
               +--------+--------+--------+--------+--------+-----+--------+
         Total |   5998 |   5810 |    188 |    111 |   4447 |   8 |  749.8 |
       Dungeon |   5996 |   5808 |    188 |    111 |   4447 |   7 |  856.6 |
        Temple |      1 |      1 |      0 |      0 |      0 |   1 |    1.0 |
               +--------+--------+--------+--------+--------+-----+--------+

Top non-repeatable levels by time:
     D:5: 1383 daAuts
     D:6: 1097 daAuts
     D:2: 798 daAuts
     D:1: 779 daAuts
     D:3: 701 daAuts
     D:4: 618 daAuts
     D:7: 617 daAuts
  Temple: 1 daAuts
